 Dungeon Crawl Stone Soup version 0.28-a0-941-g140ffa10cf (webtiles) character file.

Game seed: 14050172308479053566

438 Ajdolov the Stinger (level 7, 0/82 HPs)
             Began as a Naga Hedge Wizard on Nov 29, 2021.
             Slain by Menkaure (3 damage)
             ... on level 4 of the Dungeon.
             The game lasted 00:18:44 (5818 turns).

Ajdolov the Stinger (Naga Hedge Wizard)             Turns: 5818, Time: 00:18:45

Health: 0/82       AC: 23    Str: 12    XL:     7   Next: 1%
Magic:  5/11       EV:  1    Int: 16    God:
Gold:   68         SH:  0    Dex: 13    Spells: 3/12 levels left

rFire   . . .      SeeInvis +   k - +3 dagger
rCold   + . .      Faith    .   (no shield)
rNeg    . . .      Spirit   .   (armour currently unavailable)
rPois   +          Reflect  .   (helmet currently unavailable)
rElec   .          Harm     .   (cloak currently unavailable)
rCorr   +          Rampage  .   (gloves currently unavailable)
Will    .....      NoTele   +   (no barding)
Stlth   +.........              (no amulet)
HPRegen 0.23/turn               e - ring of resist corrosion
MPRegen 0.12/turn               p - ring of protection from cold

@: tree-form, silenced, hasted, very quick
A: stationary, stasis, torment immunity, boosted hp, AC +2, large, see
invisible, (deformed body), (poison resistance), (slowness 2), spit poison 1,
(naga tail 1), (camouflage 1), agile 1, (electricity resistance)
a: Spit Poison


You were on level 4 of the Dungeon.
You were a tree.
You visited 1 branch of the dungeon, and saw 4 of its levels.

You collected 88 gold pieces.
You spent 20 gold pieces at shops.

Inventory:

Hand Weapons
 k - a +3 dagger (weapon)
Armour
 b - a +0 robe (melded)
 c - a +0 hat (melded)
 d - a +0 ring mail
 g - a +0 leather armour
 o - a +0 cloak (melded)
Jewellery
 e - a ring of resist corrosion (left branch)
 m - an amulet of faith
 p - a ring of protection from cold (right branch)
Scrolls
 l - 2 scrolls of identify
Potions
 i - a potion of mutation


   Skills:
 - Level 1.5 Dodging
 - Level 3.0 Stealth
 - Level 3.0 Spellcasting
 + Level 3.5 Conjurations
 - Level 1.0 Summonings
 - Level 1.0 Translocations
 * Level 2.7 Fire Magic
 * Level 3.6 Air Magic
 - Level 4.2 Poison Magic


You had 3 spell levels left.
You knew the following spells:

 Your Spells              Type           Power      Damage    Failure   Level
a - Magic Dart            Conj           52%        1d5       4%          1
b - Blink                 Tloc           10%        N/A       19%         2
c - Mephitic Cloud        Conj/Pois/Air  14%        N/A       12%         3
d - Conjure Flame         Conj/Fire      12%        6-21      16%         3

Your spell library contained the following spells:

 Spells                   Type           Power      Damage    Failure   Level
 Slow                     Hex            8%         N/A       19%         1
 Call Imp                 Summ           5%         N/A       19%         2
 Dazzling Flash           Conj/Hex       16%        N/A       26%         3
 Confusing Touch          Hex            2%         N/A       50%         3
 Vampiric Draining        Necr           2%         2d6       50%         3
 Iskenderun's Mystic Bla  Conj/Tloc      9%         2d4       58%         4
 Starburst                Conj/Fire      6%         6d4       100%        6


Dungeon Overview and Level Annotations

Branches:
Dungeon (4/15)
 Temple: D:4-7

Altars:
Elyvilon

Shops:
D:2 *(!   D:3 *?(*

Annotations:
D:3 exclusion: black bear
D:4 Menkaure


Innate Abilities, Weirdness & Mutations

You are a tree.
Your roots penetrate the ground, keeping you stationary.
You cannot be teleported.
You are immune to unholy pain and torment.
Your maximum health is greatly increased.
Your equipment is partially melded.
((Your serpentine skin is tough. (AC +2)))
You have supernaturally acute eyesight. (SInv)
((Armour fits poorly on your strangely shaped body.))
((Your system is resistant to poisons. (rPois)))
((You cover ground very slowly.))
You can spit poison.
((You have a snake-like lower body.))
((Your skin changes colour to match your surroundings (Stealth+).))
You are agile. (Dex +2)
((You are resistant to electric shocks. (rElec)))


Message History

Menkaure is lightly damaged.
Menkaure closely misses you.
Menkaure points at you and mumbles some strange words.
Pain shoots through your body!
* * * LOW HITPOINT WARNING * * *
It was a potion of mutation.
You feel extremely strange.
Your skin functions as natural camouflage.
You feel insulated.
You feel agile. Menkaure closely misses you.
Okay, then.
It was a potion of lignification.
You turn into a tree.
Your +0 cloak melds into your body.
Your +0 hat melds into your body.
Your +0 robe melds into your body.
Your roots penetrate the ground.
You feel strangely stable. Menkaure hits you.
* * * LOW HITPOINT WARNING * * *
It was a potion of heal wounds.
You feel much better. Menkaure hits you but does no damage.
Your magical contamination has completely faded away.
It was a potion of haste.
You feel yourself speed up.
Menkaure whispers a few words.
Menkaure hits you!
* * * LOW HITPOINT WARNING * * *
You hit Menkaure.
Menkaure is lightly damaged.
Menkaure hits you but does no damage.
You barely miss Menkaure.
Menkaure is lightly damaged.
Menkaure hits you but does no damage.
You hit Menkaure.
Menkaure is moderately damaged.
Menkaure hits you!
* * * LOW HITPOINT WARNING * * *
You hit Menkaure.
Menkaure is moderately damaged.
Okay, then.
You aren't carrying any items that you can evoke.
Unknown command.
As you read the scroll labelled FATE DUERIPP, it crumbles to dust.
A profound silence engulfs you.
It was a scroll of silence.
Menkaure hits you.
You die...

#..##....##
#..##....###
#...##...#.#
#....##...##
#......#.## #
###........###
#####.......#....#
...........#..#.M#
...####....#..##♣#
..## ##......####
.## #.....## .#
#.....# .# ##...##
.# ##...##### .#
###........# .#
###........###
.###.....##..##


You could see Menkaure (fast).

Vanquished Creatures
  2 ogres (D:4)
  A scorpion (D:4)
  A hound (D:4)
  An orc priest (D:2)
  Terence (D:2)
  3 adders
  An ufetubus (D:4)
  An adder skeleton (D:4)
  A worm (D:2)
  4 dart slugs (D:1)
  5 orcs
  6 endoplasms
  2 giant cockroaches
  7 goblins
  6 hobgoblins
  12 kobolds
  4 quokkas
  11 ball pythons
  5 bats
  3 frilled lizards
  4 rats
81 creatures vanquished.

Notes
Turn   | Place    | Note
-------+----------+-------------------------------------------
     0 | D:1      | Ajdolov the Naga Hedge Wizard began the quest for the Orb.
     0 | D:1      | Reached XP level 1. HP: 15/15 MP: 4/4
   275 | D:1      | Reached XP level 2. HP: 14/22 MP: 1/6
   909 | D:1      | Learned a level 2 spell: Blink
   982 | D:1      | Found a faded altar of an unknown god.
  1105 | D:1      | Reached XP level 3. HP: 28/28 MP: 7/7
  1109 | D:1      | Learned a level 3 spell: Mephitic Cloud
  1393 | D:1      | Reached skill level 1 in Poison Magic
  2041 | D:2      | Found Xiqaheit's Distillery.
  2173 | D:2      | Found Yzite's Assorted Antiques.
  2209 | D:2      | Noticed Terence
  2227 | D:2      | Killed Terence
  2228 | D:2      | Reached skill level 1 in Air Magic
  2228 | D:2      | Reached skill level 2 in Poison Magic
  2228 | D:2      | Reached XP level 4. HP: 18/36 MP: 3/8
  2406 | D:2      | Learned a level 3 spell: Conjure Flame
  2466 | D:2      | Reached skill level 3 in Poison Magic
  2499 | D:2      | Reached XP level 5. HP: 42/42 MP: 1/9
  3024 | D:2      | Found Upnorasack's Antique Weapon Boutique.
  3429 | D:3      | Reached skill level 4 in Poison Magic
  3481 | D:3      | Found Ussidgh's General Store.
  3487 | D:3      | Noticed a black bear
  3528 | D:3      | Found Yfeacioti's Weapon Emporium.
  3548 | D:3      | Found Goegh's Assorted Antiques.
  4102 | D:3      | Found Alutekk's Magic Scroll Shop.
  4110 | D:3      | Bought a scroll of identify for 20 gold pieces
  4544 | D:4      | Noticed an ogre
  4552 | D:4      | Killed an ogre
  4553 | D:4      | Reached skill level 1 in Fire Magic
  4553 | D:4      | Reached XP level 6. HP: 45/49 MP: 3/10
  4809 | D:4      | Noticed Menkaure
  5282 | D:4      | Found a white marble altar of Elyvilon.
  5482 | D:4      | Reached XP level 7. HP: 55/55 MP: 11/11
  5810 | D:4      | Gained mutation: Your skin changes colour to match your
                  | surroundings (Stealth+). [potion of mutation]
  5810 | D:4      | Gained mutation: You are resistant to electric shocks.
                  | (rElec) [potion of mutation]
  5810 | D:4      | Gained mutation: You are agile. (Dex +2) [potion of
                  | mutation]
  5816 | D:4      | HP: 2/82 [Menkaure (14)]
  5818 | D:4      | Slain by Menkaure

Illustrated notes

Levels and vault maps discovered:
D:1:      dpeg_arrival_solitude, layout_basic,
          shapermc_ecumenical_altar_flowoftime, serial_corexii_hall,
          chequers_hall_statues_y, corexii_hall_statues_l,
          chequers_hall_statues_corner_a, minmay_surrounded
D:2:      layout_basic, serial_shops, shop, shop, nicolae_lakefront_shop,
          uniq_terence
D:3:      layout_basic, serial_shops, shop, nicolae_shop_statue_plus, shop, shop
D:4:      layout_layer_cave, mainiacjoe_overflow_tiny_flanked, uniq_menkaure

Skill      XL: |  1  2  3  4  5  6 |
---------------+-------------------+-----
Conjurations   | 2 3 |  3.5
Poison Magic   | 2 3 4 |  4.2
Air Magic      | 1 2 3 |  3.6
Fire Magic     | 1 2 |  2.7
Dodging        | |  1.5
Stealth        | |  3.0
Spellcasting   | |  3.0
Summonings     | |  1.0
Translocations | |  1.0

Action                   |  1- 3 |  4- 6 |  7- 9 || total
-------------------------+-------+-------+-------++-------
Melee: Dagger            |    83 |    71 |    12 ||   166
 Cast: Magic Dart        |    26 |    62 |     2 ||    90
       Blink             |     1 |     2 |       ||     3
       Mephitic Cloud    |       |     7 |       ||     7
       Conjure Flame     |       |       |     2 ||     2
 Abil: Spit Poison       |     7 |    20 |       ||    27
  Use: Potion            |     1 |       |     4 ||     5
       Scroll            |       |     2 |     2 ||     4
 Stab: Sleeping          |     5 |     1 |       ||     6
       Confused          |       |     5 |       ||     5
Armor: Robe              |    11 |    18 |     4 ||    33
       Skin              |       |       |     3 ||     3
Dodge: Dodged            |    43 |    34 |     5 ||    82

Table legend: (Time is in decaauts)
 A = Elapsed time spent in this place.
 B = Non-inter-level travel time spent in this place.
 C = Inter-level travel time spent in this place.
 D = Time resting spent in this place.
 E = Time spent auto-exploring this place.
 F = Levels seen in this place.
 G = Mean time per level.
                   A        B        C        D        E       F      G
               +--------+--------+--------+--------+--------+-----+--------+
         Total |   7115 |   6991 |    124 |   1068 |   5050 |   4 | 1778.8 |
       Dungeon |   7115 |   6991 |    124 |   1068 |   5050 |   4 | 1778.8 |
               +--------+--------+--------+--------+--------+-----+--------+

Top non-repeatable levels by time:
     D:1: 2265 daAuts
     D:2: 1810 daAuts
     D:3: 1538 daAuts
     D:4: 1501 daAuts
